AoeStats
← 无忧无虑

Arena

510497503Analyzed
1v1 RM · 8h ago on Oct 1, 2026· 34m 19s· 2 players
Game mode
Random Map
Map size
Tiny (2 player)
Population
200
Speed
Normal
Resources
Standard
Victory
Conquest
Starting age
Dark Age
Ending age
Imperial Age
RankedLock teamsTeams togetherTeam positionsShared explorationLock speedFull tech treeHidden civsTurbo modeCheats
Victory
Defeat
🇩🇪 Bohemians · Germany
537
+16
🇨🇳 Teutons · China
545
-30
Imperator-Stitch
9:59 Loom
12:55 Feudal Age
14:51 Double-Bit Axe
14:47 Horse Collar
21:30 Castle Age
20:45 Padded Archer Armor
20:43 Fletching
22:33 Bow Saw
22:47 Heavy Plow
24:51 Bodkin Arrow
25:13 Leather Archer Armor
无忧无虑
3:33 Loom
13:25 Feudal Age
16:22 Man-at-Arms
16:59 Double-Bit Axe
18:34 Wheelbarrow
18:31 Horse Collar
19:08 Gold Mining
21:50 Stone Mining
23:30 Forging
25:39 Castle Age
24:45 Bloodlines
25:13 Scale Mail Armor
30:07 Hand Cart
30:53 Bow Saw
31:05 Long Swordsman
Connection lost

Rejoining the realm…

Still unreachable

The connection could not be restored.

Session expired

The server has moved on; the page needs a fresh start.